 Dungeon Crawl Stone Soup version 0.26.0-16-gc1dbca0489 (webtiles) character file.

Game seed: 2527697732543128991

249 vvl the Skirmisher (level 6, -1/66 HPs)
             Began as an Ogre Fighter on Jan 18, 2021.
             Slain by Blork the orc
             ... wielding a +0 short sword
              (5 damage)
             ... on level 3 of the Dungeon.
             The game lasted 00:06:28 (2924 turns).

vvl the Skirmisher (Ogre Fighter)                   Turns: 2924, Time: 00:06:28

Health: -1/66      AC:  3    Str: 23    XL:     6   Next: 12%
Magic:  6/6        EV:  9    Int:  9    God:
Gold:   134        SH:  9    Dex:  8    Spells: 5/5 levels left

rFire    . . .     SeeInvis .   a - +0 war axe
rCold    . . .     Faith    .   c - +0 kite shield
rNeg     . . .     Spirit   .   b - +0 robe
rPois    .         Reflect  .   (helmet restricted)
rElec    .         Harm     .   l - scarf {shadows}
rCorr    .         Rampage  .   (gloves unavailable)
Will     .....                  (boots unavailable)
Stlth    +.........             (no amulet)
HPRegen  0.21/turn              (no ring)
MPRegen  0.10/turn              (no ring)

@: no status effects
A: large, unfitting armour, tough skin 1
a: no special abilities


You were on level 3 of the Dungeon.
You visited 1 branch of the dungeon, and saw 4 of its levels.

You collected 134 gold pieces.

Inventory:

Hand Weapons
 a - a +0 war axe (weapon)
Missiles
 p - a throwing net (quivered)
Armour
 b - a +0 robe (worn)
 c - a +0 kite shield (worn)
 l - a scarf of shadows (worn)
Jewellery
 h - an uncursed ring of ice
 n - an uncursed ring of fire
 o - an uncursed ring of fire
Scrolls
 f - a scroll of remove curse {unknown}
 g - 2 scrolls of identify {unknown}
 k - a scroll of enchant armour {unknown}
 m - a scroll of teleportation {unknown}
 q - a scroll of immolation {unknown}
Potions
 d - 2 potions of might
 e - a potion of heal wounds {unknown}
 i - a potion of mutation {unknown}
 j - a potion of haste {unknown}


   Skills:
 + Level 5.0 Fighting
 * Level 3.4 Axes
 + Level 1.1 Throwing
 + Level 1.2 Armour
 + Level 3.5 Dodging
 + Level 3.4 Shields
 - Level 0.3 Invocations
 + Level 1.0 Evocations


You had 5 spell levels left.
You didn't know any spells.
Your spell library was empty.

Dungeon Overview and Level Annotations

Branches:
Dungeon (4/15)
 Temple: D:4-7

Altars:
Gozag

Shops:
D:3 *

Annotations:
D:3 Blork the orc
D:4 Robin


Innate Abilities, Weirdness & Mutations

You are too large for most types of armour.
You have tough skin. (AC +1)


Message History

You closely miss something. Something hits you.
You hit something.
You hear some strange, mumbled words.
A magic dart appears from out of thin air!
The magic dart hits you.
* * * LOW HITPOINT WARNING * * *
Something hits you.
* * * LOW HITPOINT WARNING * * *
You barely miss something. Something hits you.
* * * LOW HITPOINT WARNING * * *
You hit something but do no damage. Something hits you.
* * * LOW HITPOINT WARNING * * *
Something hits you.
* * * LOW HITPOINT WARNING * * *
Something hits you.
* * * LOW HITPOINT WARNING * * *
You barely miss something. Something hits you.
* * * LOW HITPOINT WARNING * * *
Something hits you.
You die...

...................##.#
....#####.###.####.##.####
.........)# #.# #.##....########
#.#.#####.# #[####.###...^......#
..#.# #.###........).#.######.#
###.# #..##..#.#######.# #.# #
#.# #..##..#.# #.# #.# # #.#
#......#{# #.# #.# #
#.######.##.##@# #.# #.#
###...........##.### #.# #.#
##...........)....<#####.######.#
##.............#.....[...........
##.#.####..........#####.####...#
##.#.# #..........# #.# #.###
##.#.# ##..###..#.# #.# #.# #
##.#.#####..# #..#.# #.####.###
.....†...##.###..#.#####.##....(#


There were no monsters in sight!

Vanquished Creatures
  An ogre (D:3)
  An orc priest (D:3)
  An orc wizard (D:3)
  2 adders (D:3)
  A shadow imp (D:2)
  3 dart slugs (D:1)
  2 leopard geckos
  3 orcs (D:3)
  A ball python (D:3)
  3 giant cockroaches
  20 goblins
  12 hobgoblins
  5 kobolds
  A quokka (D:2)
  9 bats
  2 frilled lizards
  5 rats
72 creatures vanquished.

Notes
Turn   | Place    | Note
-------+----------+-------------------------------------------
     0 | D:1      | vvl the Ogre Fighter began the quest for the Orb.
     0 | D:1      | Reached XP level 1. HP: 24/24 MP: 1/1
   254 | D:1      | Reached XP level 2. HP: 28/32 MP: 2/2
   637 | D:1      | Reached XP level 3. HP: 40/40 MP: 3/3
  1743 | D:3      | Found an opulent altar of Gozag.
  1747 | D:3      | Found Gozag's Platinum Reserve.
  1764 | D:3      | Reached XP level 4. HP: 39/49 MP: 4/4
  2166 | D:3      | Noticed an ogre
  2170 | D:3      | Killed an ogre
  2171 | D:3      | Reached skill level 1 in Armour
  2171 | D:3      | Reached XP level 5. HP: 55/55 MP: 5/5
  2359 | D:3      | Reached skill level 1 in Throwing
  2362 | D:3      | Reached skill level 5 in Fighting
  2435 | D:3      | Reached XP level 6. HP: 66/66 MP: 6/6
  2698 | D:4      | Noticed Robin
  2702 | D:4      | Noticed Blork the orc
  2707 | D:4      | Reached skill level 1 in Evocations
  2924 | D:3      | Slain by Blork the orc

Illustrated notes

Levels and vault maps discovered:
D:1:      evilmike_arrival_plus, layout_loops_ring
D:2:      layout_basic
D:3:      layout_loops_ring, nicolae_gozag_zags_fifth_avenue
D:4:      layout_loops_ring, yredelemnul_altar_generic,
          minmay_temple_entry_large_hall, kennysheep_donut,
          kennysheep_generic_room_2, uniq_blork_the_orc, uniq_duvessa,
          uniq_robin

Skill      XL: |  1  2  3  4  5  6 |
---------------+-------------------+-----
Dodging        | 3 |  3.5
Shields        | 3 |  3.4
Axes           | 3 |  3.4
Armour         | 1 |  1.2
Throwing       | 1 |  1.1
Fighting       | 5 |  5.0
Evocations     | 1 |  1.0
Invocations    | |  0.3

Action                   |  1- 3 |  4- 6 || total
-------------------------+-------+-------++-------
Melee: War axe           |   117 |   127 ||   244
Armor: Robe              |    24 |    32 ||    56
Dodge: Dodged            |    46 |    52 ||    98
Block: Kite shield       |    62 |    73 ||   135
